Map: Néo-Gettysburg EC

Players

MakoTSL (jheffe)

  • Race: Terran Terran
  • League: Gold
  • Spawn Location: 7:00

zidar - Winner!

  • Race: Zerg Zerg
  • League: Platinum
  • Spawn Location: 5:00

VOD

Have the link to the VOD?

Description

Time

  • Played on: Nov. 1, 2016, 12:43 p.m.
  • Length: 7:47
Show
View Real Time Build Order
Export as new Build Order

MakoTSL Terran 

Build Orders:  

Get SALT Encoding   

  12  0:01  SCV  
  13  0:21  SCV, Supply Depot  
  13  0:26  Refinery  
  14  0:33  SCV  
  15  0:54  Barracks  
  15  0:56  SCV  
  16  1:14  SCV  
  16  1:17  Barracks  
  17  1:26  SCV  
  18  1:42  Reaper  
  18  1:43  Barracks  
  19  1:52  SCV  
  20  1:56  Supply Depot  
  20  2:04  SCV  
  20  2:05  Refinery  
  21  2:10  Reaper  
  22  2:23  Reaper  
  23  2:31  Reaper  
  24  2:42  Reaper  
  25  2:47  SCV  
  25  2:55  Reaper  
  26  2:59  SCV  
  26  3:03  Reaper  
  27  3:23  Reaper  
  27  3:26  Orbital Command  
  28  3:27  Reaper  
  28  3:29  Command Center  
  29  3:44  Reaper  
  31  4:24  Command Center  
  31  4:35  Barracks Tech Lab  
  30  4:39  Barracks Reactor  
  30  4:45  Orbital Command  
  30  4:48  Factory  
  30  4:52  Barracks  
  30  4:55  Marauder  
  32  5:16  Bunker  
  32  5:17  Marauder  
  34  5:40  Widow Mine  
  31  5:44  Marine  
  27  5:50  Marine  
  27  5:51  Marine  
  25  6:02  Marine  
  26  6:06  SCV  
  26  6:08  Widow Mine  
  24  6:18  SCV  
  20  6:20  Marine  
  20  6:29  SCV  
  20  6:30  SCV  
  22  6:35  Marine x2  
  26  6:49  Widow Mine  
  26  6:53  Marine  
  25  7:02  Marauder  
  25  7:05  Marine  
  27  7:10  Marine  
  25  7:23  Marine, Marauder  
  25  7:24  SCV  
  25  7:28  Marine  
Show
View Real Time Build Order
Export as new Build Order

zidar Zerg - Winner!

Build Orders: Hatch First 

Get SALT Encoding   

  12  0:02  Drone  
  13  0:13  Overlord  
  13  0:18  Drone  
  14  0:34  Drone x2  
  16  0:53  Hatchery  
  15  1:01  Drone  
  16  1:04  Drone  
  16  1:05  Extractor  
  16  1:22  Spawning Pool  
  15  1:32  Drone x3  
  18  1:43  Drone  
  19  2:08  Queen  
  19  2:09  Queen  
  19  2:13  Metabolic Boost  
  23  2:16  Zergling x4  
  23  2:20  Zergling x2  
  25  2:37  Baneling Nest  
  25  2:51  Zergling x8  
  27  3:10  Roach Warren  
  27  3:11  Overlord x2  
  27  3:23  Drone  
  27  3:25  Overlord  
  28  3:46  Zergling x4  
  28  3:47  Zergling x2  
  31  3:53  Roach x3  
  37  4:10  Roach  
  37  4:11  Roach x4  
  48  4:17  Ravager  
  48  4:19  Ravager  
  48  4:23  Extractor  
  48  4:26  Drone x3  
  32  5:56  Roach x10  
  44  6:38  Zergling x16  
  46  7:24  Ravager  
Tags
 
Add a new tag
Caveats
  • Supply blocks, unpowered buildings, or Contaminate may cause inaccurate times.
  • Supply counts are checked every 10 seconds.